 Dungeon Crawl Stone Soup version 0.23.2-40-g277498a (webtiles) character file.

Game seed: 18172239482121943782

308145 BoppinsLewinski the Peltast (level 22, -21/182 HPs)
             Began as a Formicid Fighter on Oct 3, 2019.
             Was the Champion of Makhleb.
             Demolished by a spatial maelstrom (22 damage)
             ... on level 4 of the Abyss.
             The game lasted 03:40:23 (40355 turns).

BoppinsLewinski the Peltast (Formicid Fighter)     Turns: 40355, Time: 03:40:24

Health: -21/182    AC: 44    Str: 29      XL:     22   Next: 13%
Magic:  34/34      EV:  6    Int:  6 (9)  God:    Makhleb [******]
Gold:   1637       SH: 28    Dex:  7      Spells: 21/21 levels left

rFire    + . .     SeeInvis +   S - +9 great mace (vamp)
rCold    . . .     Gourm    .   H - +0 large shield
rNeg     . . .     Faith    .   E - +13 crystal plate armour
rPois    +         Spirit   .   (helmet unavailable)
rElec    .         Reflect  +   B - +0 cloak
rCorr    .         Harm     .   g - +1 pair of gloves
MR       +....                  l - +1 pair of boots
Stlth    ..........             w - +5 amulet of reflection
HPRegen  0.40/turn              o - ring of poison resistance
MPRegen  0.24/turn              d - ring of protection from fire

@: liquid flames, vulnerable, glowing
A: permanent stasis, dig shafts and tunnels, four strong arms, antennae 3,
[clumsy 2]
}: 2/15 runes: decaying, serpentine
a: Dig, Shaft Self, Minor Destruction, Lesser Servant of Makhleb, Major
Destruction, Greater Servant of Makhleb, Renounce Religion


You were on level 4 of the Abyss.
You worshipped Makhleb.
Makhleb was exalted by your worship.
You were not hungry.

You visited 7 branches of the dungeon, and saw 34 of its levels.
You visited the Abyss 1 time.

You collected 3500 gold pieces.
You spent 1863 gold pieces at shops.

Inventory:

Hand Weapons
 S - a +9 vampiric great mace (weapon)
Armour
 g - a +1 pair of gloves (worn)
 l - a +1 pair of boots (worn)
 B - a +0 cloak (worn)
 E - a +13 crystal plate armour (worn)
 H - a +0 large shield (worn)
Jewellery
 a - an uncursed amulet of the gourmand {unknown}
 d - a ring of protection from fire (right hand)
 n - an uncursed ring of ice
 o - a ring of poison resistance (left hand)
 w - a +5 amulet of reflection (around neck)
 z - an uncursed ring of resist corrosion
 L - the ring of Idealism {+Fly rPois rN+ MR- Str-3 Stlth+}
   (You took it off a naga warrior on level 4 of the Snake Pit)

   [ring of positive energy]

   It affects your strength (-3).
   It protects you from poison.
   It protects you from negative energy.
   It affects your resistance to hostile enchantments.
   It lets you fly.
   It makes you more stealthy.
Wands
 e - a wand of flame (16)
 u - a wand of random effects (26)
 y - a wand of polymorph (18)
 J - a wand of iceblast (13)
 Q - a wand of digging (6)
Scrolls
 p - 7 scrolls of fog
 q - a scroll of enchant armour
 s - 4 scrolls of immolation
 x - 8 scrolls of remove curse
 C - a scroll of torment
 D - 4 scrolls of magic mapping
 I - 3 scrolls of brand weapon
 M - a scroll of amnesia
 R - 3 scrolls of identify
Potions
 b - 4 potions of ambrosia
 j - 9 potions of curing
 r - 6 potions of flight
 v - a potion of magic
 A - 5 potions of lignification
 P - 2 potions of cancellation
Miscellaneous
 h - a lamp of fire (inert)
 k - a lightning rod (2/4)
 F - a box of beasts
Comestibles
 f - 43 rations


   Skills:
 * Level 17.5 Fighting
 + Level 16.4 Maces & Flails
 + Level 15.8 Armour
 * Level 18.7 Shields
 + Level 16.5 Invocations
 + Level 15.3 Evocations


You had 21 spell levels left.
You didn't know any spells.
Your spell library contained the following spells:

 Spells                   Type           Power        Failure   Level  Hunger
 Animate Skeleton         Necr           N/A          100%        1    ##.....
 Apportation              Tloc           #.....       100%        1    ##.....
 Beastly Appendage        Tmut           #.....       100%        1    ##.....
 Confusing Touch          Hex            #.....       100%        1    ##.....
 Magic Dart               Conj           #...         100%        1    ##.....
 Sandblast                Erth           #.....       100%        1    ##.....
 Sting                    Conj/Pois      #...         100%        1    ##.....
 Summon Butterflies       Summ           #.......     100%        1    ##.....
 Summon Small Mammal      Summ           #...         100%        1    ##.....
 Call Imp                 Summ           #.......     100%        2    ###....
 Corpse Rot               Necr           N/A          100%        2    ###....
 Passwall                 Tmut/Erth      #.......     100%        2    ###....
 Poisonous Vapours        Pois/Air       #.....       100%        2    ###....
 Slow                     Hex            #.......     100%        2    ###....
 Throw Flame              Conj/Fire      #.....       100%        2    ###....
 Call Canine Familiar     Summ           #.......     100%        3    ####...
 Conjure Flame            Conj/Fire      #.......     100%        3    ####...
 Mephitic Cloud           Conj/Pois/Air  #.......     100%        3    ####...
 Stone Arrow              Conj/Erth      #.....       100%        3    ####...
 Cause Fear               Hex            #.........   100%        4    #####..
 Force Lance              Conj/Tloc      #.......     100%        4    #####..
 Leda's Liquefaction      Hex/Erth       #.........   100%        4    #####..
 Olgreb's Toxic Radiance  Pois           #.......     100%        4    #####..
 Passage of Golubria      Tloc           N/A          100%        4    #####..
 Petrify                  Tmut/Erth      #.......     100%        4    #####..
 Sticky Flame             Conj/Fire      #.......     100%        4    #####..
 Summon Ice Beast         Ice/Summ       #.......     100%        4    #####..
 Alistair's Intoxication  Tmut/Pois      #.......     100%        5    ######.
 Blade Hands              Tmut           #.........   100%        5    ######.
 Bolt of Magma            Conj/Fire/Erth #.........   100%        5    ######.
 Iskenderun's Battlesphe  Conj/Chrm      #.......     100%        5    ######.
 Lee's Rapid Deconstruct  Erth           #.........   100%        5    ######.
 Silence                  Hex/Air        #.........   100%        5    ######.
 Summon Forest            Summ/Tloc      #.........   100%        5    ######.
 Summon Mana Viper        Hex/Summ       #.......     100%        5    ######.
 Venom Bolt               Conj/Pois      #.........   100%        5    ######.
 Yara's Violent Unravell  Hex/Tmut       #.........   100%        5    ######.
 Deflect Missiles         Chrm/Air       #.........   100%        6    #######
 Freezing Cloud           Conj/Ice/Air   #.........   100%        6    #######
 Hydra Form               Tmut           #.........   100%        6    #######
 Iron Shot                Conj/Erth      #.........   100%        6    #######
 Orb of Destruction       Conj           #.........   100%        7    #######
 Ring of Flames           Chrm/Fire      #.........   100%        7    #######
 Spellforged Servitor     Conj/Summ      #.........   100%        7    #######
 Summon Hydra             Summ           #.........   100%        7    #######
 Discord                  Hex            #.........   100%        8    #######
 Blink                    Tloc           Unusable     N/A         2    N/A

Dungeon Overview and Level Annotations

Branches:
Dungeon (15/15)            Temple (1/1) D:4            Lair (6/6) D:8
  Swamp (4/4) Lair:2        Snake (4/4) Lair:3        Slime (0/5) Lair:6
    Orc (2/2) D:11            Elf (0/3) Orc:2        Vaults (2/5) D:14
  Crypt (0/3) Vaults:2     Depths (0/5) D:15

Altars:
Ashenzari
Cheibriados
Dithmenos
Elyvilon
Fedhas
Gozag
Kikubaaqudgha
Makhleb
Nemelex Xobeh
Okawaru
Sif Muna
Trog
Vehumet
Wu Jian
Xom
Yredelemnul
Zin
The Shining One
Beogh

Shops:
D:4 =   D:13 *   D:15 (   Orc:2 *(**   Snake:2 }=}   Vaults:1 :

Annotations:
D:11 1 runed translucent door, 1 exclusion, paraphrased's ghost, journeyman GrGl
Lair:3 exclusion: oklob plant
Lair:6 exclusions: door, 2 oklob plants and 5 more exclusions
Swamp:3 2 transporters, vgb414's ghost, adept GnWn
Snake:2 1 exclusion
Snake:3 exclusion: downstairs
Orc:2 2 transporters, ythm's ghost, journeyman TrMo


Innate Abilities, Weirdness & Mutations

You cannot be hasted, slowed, berserked, paralysed or teleported.
You can dig through walls and to a lower floor.
Your four strong arms can wield two-handed weapons with a shield.
You have a pair of large antennae on your head. (SInv)
[You are very clumsy. (Dex -4)]


Message History

You feel yourself growing ill in the presence of the ancient zyme.
The smoke demon hits you but does no damage.
You block the smoke demon's attack. x2
You block the thrashing horror's attack.
The thrashing horror tramples you.
* * * LOW HITPOINT WARNING * * *
You hold your ground!
The starcursed mass engulfs you but does no damage.
You retract your mandibles.
You thump the spatial maelstrom!
The spatial maelstrom is almost destroyed.
You are covered in liquid flames!
* * * LOW HITPOINT WARNING * * *
The thrashing horror tramples you!
* * * LOW HITPOINT WARNING * * *
You hold your ground!
You block the thrashing horror's attack.
The spatial maelstrom hits you!
* * * LOW HITPOINT WARNING * * *
Space warps horribly around you!!
You die...

≈.# ####. # .. #.
#W. ### ... #
#.....###. { ....
#..†X#v#.#####*...
# .
#>*X.X.XX......# #
#.†.§3X.XXXv.#.3..


#.hXx {#XX3vxv# . #..h{{{{#@x.## # ### #XX##.# ### ÷X{ . { { ##.. { X. . { You
could see 8 starcursed masses, a spatial maelstrom, a wretched star, 3 spatial
vortices, an ancient zyme, 5 thrashing horrors, 2 large abominations, 2 smoke
demons, a neqoxec, a small abomination and a lurking horror.

Vanquished Creatures
  Nikola (Vaults:1)
  2 bone dragons
  A tentacled monstrosity (Abyss:3)
  A lich (Vaults:1)
  Frances (Lair:2)
  A tengu reaver (Vaults:1)
  7 tentacled starspawn
  4 thorn hunters
  Gastronok (D:11)
  Donald (Vaults:1)
  8 nagarajas
  6 vault wardens
  A deep elf sorcerer (Vaults:1)
  A draconian knight (Abyss:3)
  Louise (Snake:2)
  An ironheart preserver (Vaults:1)
  5 very ugly things (Abyss:4)
  A red draconian (Abyss:3)
  A fire dragon (D:15)
  A deep elf death mage (Vaults:1)
  2 eidola
  A yaktaur captain (Vaults:1)
  Josephine (D:10)
  18 naga warriors
  6 vault guards
  3 rakshasas
  3 ogre magi
  Harold (D:8)
  16 hydras
  2 great orbs of eyes
  A merfolk avatar (Lair:6)
  A shambling mangrove (Swamp:3)
  5 ghost crabs
  2 ice dragons
  7 centaur warriors
  16 anacondas
  11 alligators
  2 tengu warriors (D:14)
  16 thrashing horrors
  11 two-headed ogres
  9 naga sharpshooters
  3 orc high priests (Orc:2)
  A sun demon (Abyss:3)
  2 deep elf knights (Vaults:1)
  2 shock serpents
  5 small abominations
  A titan skeleton (Abyss:4)
  12 large abominations
  14 skeletal warriors
  3 wretched stars
  3 sixfirhies
  4 salamander mystics
  3 spatial maelstroms
  7 unseen horrors
  3 spectral hydras (Swamp:4)
  10 naga ritualists
  Pikel (D:7)
  2 wizards
  A glowing orange brain (Abyss:4)
  5 spriggan druids
  A swamp dragon (Swamp:1)
  2 harpies (Lair:6)
  5 ironbrand convokers (Vaults:1)
  11 orc knights
  An orb spider (shapeshifter) (D:15)
  4 deep elf archers (Vaults:1)
  A necromancer (Vaults:1)
  A tengu skeleton (Vaults:2)
  10 deep elf magi
  9 mana vipers
  4 manticores
  10 ugly things
  5 orc sorcerers
  3 fire giant skeletons
  A worldbinder (Abyss:4)
  9 salamanders
  2 centaur zombies
  11 elephants
  Maurice (D:8)
  A salamander (shapeshifter) (Vaults:1)
  A stone giant skeleton (Vaults:2)
  5 cyclopes
  22 naga magi
  A black mamba (shapeshifter) (D:14)
  6 vault sentinels
  A frost giant skeleton (Vaults:2)
  25 black mambas
  3 orange demons
  3 apocalypse crabs
  A spiny frog (shapeshifter) (Abyss:3)
  2 smoke demons (Abyss:3)
  A kobold demonologist (D:12)
  21 spiny frogs
  6 rime drakes
  8 komodo dragons
  A hellwing (Abyss:4)
  2 freezing wraiths
  2 hydra zombies (Swamp:4)
  6 yaktaurs
  2 efreet
  5 swamp worm zombies (Swamp:4)
  A silent spectre (Abyss:3)
  6 ancient zymes
  5 human skeletons
  16 hornets
  18 tyrant leeches
  4 trolls
  3 wind drakes (Lair:6)
  3 polar bears (Lair:6)
  Prince Ribbit (D:7)
  14 raiju (Abyss:4)
  A spectral swamp dragon (Swamp:4)
  7 dream sheep (Lair:6)
  12 bog bodies
  An ettin zombie (Vaults:1)
  9 hippogriffs
  17 slime creatures
  20 blink frogs
  3 alligator zombies (Swamp:4)
  3 shadows
  4 flying skulls (Abyss:3)
  A meliai zombie (D:10)
  3 vampires
  6 spriggans
  5 wyverns
  7 wraiths
  4 ynoxinuls
  3 chaos spawn
  54 yaks
  6 hungry ghosts
  A basilisk (D:14)
  2 golden eyes (Abyss:4)
  5 neqoxecs
  27 vampire mosquitoes
  13 swamp worms
  A human simulacrum (Vaults:1)
  3 wargs (Orc:1)
  2 spatial vortices (Abyss:2)
  39 nagas
  7 acid dragons
  22 insubstantial wisps
  2 soldier ants (D:8)
  12 water moccasins
  A hell hound (Abyss:3)
  A two-headed ogre zombie (D:11)
  10 porcupines
  30 orc warriors
  5 sky beasts
  3 black bears
  8 swamp drakes
  A hornet zombie (D:9)
  An ettin simulacrum (Abyss:3)
  2 eyes of draining
  17 ogres
  9 phantoms
  An ice beast (D:8)
  32 starcursed masses
  A necrophage (D:6)
  3 swamp dragon zombies (Swamp:4)
  22 centaurs
  15 crocodiles
  A yaktaur zombie (Vaults:1)
  2 big kobolds
  18 bullfrogs
  A scorpion (D:4)
  12 killer bees
  4 electric eels
  8 wights
  4 howler monkeys
  8 crimson imps
  3 bullfrog zombies
  A quasit (Abyss:3)
  4 bullfrog skeletons
  7 centaur skeletons
  7 hounds
  3 jellies
  26 orc priests
  26 orc wizards
  An iron imp (Abyss:3)
  3 iguanas
  Ijyb (D:3)
  Terence (D:3)
  7 worker ants
  3 spectral swamp drakes (Swamp:4)
  7 ogre zombies (D:11)
  2 hound skeletons
  11 gnolls
  2 howler monkey skeletons
  16 adders
  5 shadow imps
  3 white imps
  An ooze (D:2)
  2 adder skeletons
  An adder zombie (D:5)
  2 worms
  A dart slug (D:3)
  6 leopard geckos
  66 orcs
  4 bats
  2 giant cockroaches
  8 goblins
  6 hobgoblins
  13 jackals
  18 kobolds
  7 quokkas
  2 ball pythons (D:4)
  4 frilled lizards
  2 goblin skeletons (D:11)
  3 goblin zombies (D:11)
  2 hobgoblin skeletons (D:11)
  5 hobgoblin zombies (D:11)
  2 leopard gecko skeletons
  A leopard gecko zombie (D:5)
  3 orc skeletons (D:11)
  11 orc zombies
  A quokka skeleton (D:8)
  6 rats
  2 starspawn tentacles
1391 creatures vanquished.

Vanquished Creatures (collateral kills)
  Mara (Snake:3)
  A bone dragon (Swamp:4)
  A thorn hunter (Swamp:2)
  A dire elephant (Lair:6)
  A hydra (Lair:1)
  Fannar (Lair:1)
  A naga warrior (Snake:2)
  Urug (Lair:2)
  A thrashing horror (Abyss:3)
  A spriggan (Swamp:2)
  An unseen horror (D:11)
  A wizard (D:15)
  A deep elf mage (D:15)
  A black mamba (Snake:3)
  A guardian serpent (Snake:2)
  A rime drake (Lair:6)
  A hydra zombie (Swamp:4)
  A hornet (Swamp:2)
  A hippogriff (D:11)
  A spectral swamp dragon (Swamp:4)
  A yak (D:11)
  A vampire mosquito (Swamp:4)
  2 nagas
  A water moccasin (Lair:1)
  A swamp dragon zombie (Swamp:4)
  A phantom (Swamp:4)
  A crocodile (Lair:1)
  A big kobold (D:10)
  A bullfrog (Lair:1)
  2 wights (D:11)
  An electric eel (Lair:2)
  An orc wizard (D:10)
  2 orcs
  A kobold (D:10)
37 creatures vanquished.

Vanquished Creatures (others)
  2 centaur warriors
  2 naga sharpshooters
  A deep elf knight (Vaults:1)
  A shadow wraith (Vaults:1)
  3 deep elf archers (Vaults:1)
  A glowing orange brain (Vaults:2)
  A necromancer (Vaults:1)
  An ugly thing (D:15)
  A stone giant skeleton (Vaults:1)
  3 yaktaurs (Vaults:1)
  A slime creature (Swamp:3)
  A large abomination (Abyss:3)
  A spriggan (Swamp:4)
  A swamp worm (Swamp:4)
  A deep troll skeleton (Vaults:1)
  4 centaurs
  An iron imp (Abyss:3)
  An orc (D:13)
  A bush (D:15)
  16 fungi
  4 lurking horrors
  34 plants
  14 starspawn tentacles
96 creatures vanquished.

Grand Total: 1524 creatures vanquished

Notes
Turn   | Place    | Note
-------+----------+-------------------------------------------
     0 | D:1      | BoppinsLewinski the Formicid Fighter began the quest for
                  | the Orb.
     0 | D:1      | Reached XP level 1. HP: 18/18 MP: 1/1
   188 | D:1      | Reached XP level 2. HP: 24/24 MP: 2/2
   571 | D:1      | Reached XP level 3. HP: 16/29 MP: 3/3
  1138 | D:2      | Reached skill level 4 in Shields
  1670 | D:2      | Reached XP level 4. HP: 37/37 MP: 4/4
  2020 | D:2      | Reached XP level 5. HP: 42/42 MP: 5/5
  2560 | D:3      | Noticed Terence
  2569 | D:3      | Killed Terence
  2569 | D:3      | Reached XP level 6. HP: 46/48 MP: 6/6
  2629 | D:3      | Noticed Ijyb
  2642 | D:3      | Killed Ijyb
  3149 | D:3      | Found a faded altar of an unknown god.
  3149 | D:3      | Found a radiant altar of Vehumet.
  3154 | D:3      | Found a snail-covered altar of Cheibriados.
  3156 | D:3      | Found a faded altar of an unknown god.
  3158 | D:3      | Found a white marble altar of Elyvilon.
  3496 | D:4      | Found a staircase to the Ecumenical Temple.
  3534 | Temple   | Entered the Ecumenical Temple
  3588 | Temple   | Became a worshipper of Makhleb the Destroyer
  3730 | D:4      | Reached skill level 5 in Shields
  3924 | D:4      | Reached XP level 7. HP: 53/55 MP: 7/7
  3995 | D:4      | Found Womidypn's Jewellery Shop.
  4024 | D:4      | Reached skill level 1 in Evocations
  4259 | D:4      | Reached skill level 5 in Maces & Flails
  4416 | D:4      | Bought a +5 amulet of reflection for 535 gold pieces
  4451 | D:4      | Found an iron altar of Okawaru.
  4778 | D:5      | Entered Level 5 of the Dungeon
  4802 | D:5      | Reached skill level 5 in Armour
  4916 | D:5      | Reached skill level 5 in Fighting
  4916 | D:5      | Reached XP level 8. HP: 58/62 MP: 9/9
  4973 | D:5      | Got a brightly glowing steel ring
  5245 | D:5      | Reached skill level 1 in Invocations
  5245 | D:5      | Reached * piety under Makhleb
  5395 | D:5      | Found a bloodstained altar of Trog.
  5627 | D:5      | Reached skill level 6 in Shields
  5800 | D:5      | Identified the ring of the Ancients {*Drain rN+ Int+3
                  | Stlth+} (You found it on level 5 of the Dungeon)
  6229 | D:6      | Reached XP level 9. HP: 68/68 MP: 11/11
  6716 | D:7      | Noticed Prince Ribbit
  6723 | D:7      | Killed Prince Ribbit
  6740 | D:7      | Found a shattered altar of Ashenzari.
  6745 | D:7      | Reached ** piety under Makhleb
  6795 | D:7      | Noticed Pikel
  6798 | D:7      | Killed Pikel
  6798 | D:7      | Reached skill level 7 in Shields
  7549 | D:8      | Reached XP level 10. HP: 76/76 MP: 13/13
  7602 | D:8      | Noticed Maurice
  7757 | D:8      | Killed Maurice
  7874 | D:8      | Reached skill level 5 in Invocations
  7874 | D:8      | Reached skill level 5 in Evocations
  8000 | D:8      | Noticed a two-headed ogre
  8003 | D:8      | Killed a two-headed ogre
  8003 | D:8      | Reached skill level 8 in Shields
  8098 | D:8      | Noticed Harold
  8105 | D:8      | Killed Harold
  8132 | D:8      | Reached *** piety under Makhleb
  8185 | D:8      | Reached XP level 11. HP: 64/83 MP: 15/15
  8248 | D:8      | Found a staircase to the Lair.
  8409 | Lair:1   | Entered Level 1 of the Lair of Beasts
  8586 | Lair:1   | Noticed a four-headed hydra
  8599 | Lair:1   | Killed a four-headed hydra
  8599 | Lair:1   | Reached skill level 9 in Shields
  8842 | Lair:1   | Noticed a six-headed hydra
  8850 | Lair:1   | Killed a six-headed hydra
  8850 | Lair:1   | Reached skill level 10 in Maces & Flails
  9209 | Lair:1   | Noticed Fannar
  9252 | Lair:1   | Killed Fannar
  9338 | Lair:1   | Reached XP level 12. HP: 81/94 MP: 17/17
 10103 | Lair:2   | Noticed Urug
 10106 | Lair:2   | Found a staircase to the Swamp.
 10116 | Lair:2   | Killed Urug
 11102 | Lair:3   | Found a staircase to the Snake Pit.
 11113 | Lair:3   | You fall through a shaft for 2 floors!
 11380 | Lair:4   | Noticed a four-headed hydra
 11461 | Lair:4   | Reached skill level 10 in Shields
 11762 | Lair:3   | Reached **** piety under Makhleb
 11981 | Lair:3   | Noticed a four-headed hydra
 11984 | Lair:3   | Reached XP level 13. HP: 98/101 MP: 19/19
 11989 | Lair:3   | Killed a four-headed hydra
 12540 | Lair:4   | Killed a four-headed hydra
 13579 | Lair:5   | Reached skill level 10 in Armour
 13604 | Lair:5   | Reached skill level 10 in Fighting
 13832 | Lair:6   | Entered Level 6 of the Lair of Beasts
 14052 | Lair:6   | Reached skill level 11 in Shields
 14250 | Lair:6   | Found a white marble altar of Elyvilon.
 14437 | Lair:6   | Reached ***** piety under Makhleb
 14437 | Lair:6   | Reached XP level 14. HP: 102/110 MP: 21/21
 14692 | Lair:6   | Reached skill level 10 in Invocations
 15108 | Lair:6   | Noticed a dire elephant
 15117 | Lair:6   | Killed a dire elephant
 15523 | Lair:6   | Identified the Catalogue of Displaced Calling
 16140 | D:9      | Found an iron altar of Okawaru.
 16776 | D:10     | Entered Level 10 of the Dungeon
 16872 | D:10     | Reached skill level 10 in Evocations
 16912 | D:10     | Noticed Josephine
 16915 | D:10     | Killed Josephine
 17035 | D:10     | Noticed Sonja
 17036 | D:10     | Noticed Sonja
 17036 | D:10     | Sonja changed into Sonja the spriggan
 17037 | D:10     | Noticed Sonja
 17037 | D:10     | Sonja the spriggan changed into Sonja the unseen horror
 17039 | D:10     | Killed Sonja the unseen horror
 17820 | D:11     | Noticed Gastronok
 17838 | D:11     | Killed Gastronok
 17878 | D:11     | Identified a scroll of acquirement
 17912 | D:11     | Reached skill level 12 in Shields
 18076 | D:11     | Found a runed translucent door.
 18076 | D:11     | Found a shimmering altar of Xom.
 18076 | D:11     | Noticed paraphrased's ghost (journeyman GrGl)
 18189 | D:11     | Found a staircase to the Orcish Mines.
 18277 | D:11     | Reached XP level 15. HP: 118/118 MP: 23/23
 18299 | D:11     | Reached ****** piety under Makhleb
 18753 | Orc:1    | Entered Level 1 of the Orcish Mines
 19067 | Orc:1    | Found a roughly hewn altar of Beogh.
 19261 | Orc:2    | Entered Level 2 of the Orcish Mines
 19574 | Orc:2    | Found a transporter.
 19574 | Orc:2    | Noticed ythm's ghost (journeyman TrMo)
 19740 | Orc:2    | Found a transporter.
 19775 | Orc:2    | Found a staircase to the Elven Halls.
 20919 | Orc:2    | Found Jetsel's General Store.
 20919 | Orc:2    | Found Kiotatia's Weapon Shoppe.
 20921 | Orc:2    | Found Natecer's Assorted Antiques.
 20921 | Orc:2    | Found Vyhok's General Store.
 20932 | Orc:2    | Bought a potion of curing for 45 gold pieces
 20934 | Orc:2    | Bought a scroll of enchant armour for 120 gold pieces
 20934 | Orc:2    | Bought a scroll of identify for 32 gold pieces
 22114 | D:12     | Got a steaming pewter ring
 22832 | D:13     | Found Fomelia's General Store.
 22838 | D:13     | Bought a scroll of fog for 26 gold pieces
 23280 | D:14     | Reached XP level 16. HP: 127/127 MP: 24/24
 23654 | D:14     | Reached skill level 13 in Shields
 23673 | D:14     | Found a gate to the Vaults.
 24679 | D:15     | Entered Level 15 of the Dungeon
 25005 | D:15     | Reached skill level 15 in Maces & Flails
 25021 | D:15     | Found Ater's Antique Weapon Shop.
 25261 | D:15     | Found a bloodstained altar of Trog.
 25496 | D:15     | Found a staircase to the Depths.
 25914 | Swamp:1  | Entered Level 1 of the Swamp
 25914 | Swamp:1  | Noticed Frances
 25968 | Lair:2   | Killed Frances
 26024 | Swamp:1  | Reached XP level 17. HP: 128/135 MP: 26/26
 27047 | Swamp:2  | Noticed a thorn hunter
 27056 | Swamp:2  | Killed a thorn hunter
 27259 | Swamp:2  | Noticed a thorn hunter
 27265 | Swamp:2  | Killed a thorn hunter
 27265 | Swamp:2  | Reached skill level 14 in Shields
 27324 | Swamp:2  | Found a bloodstained altar of Trog.
 27723 | Swamp:3  | Noticed a thorn hunter
 27887 | Swamp:2  | Killed a thorn hunter
 27944 | Swamp:3  | Identified the Compendium of the Blaze and Changing
 28099 | Swamp:3  | Found a transporter.
 28108 | Swamp:3  | Found a transporter.
 28113 | Swamp:3  | Identified the ring of Goxejil {Wiz MR- Dex+4} (You found
                  | it on level 12 of the Dungeon)
 28225 | Swamp:3  | Noticed vgb414's ghost (adept GnWn)
 28228 | Swamp:3  | Found a bloodstained altar of Trog.
 28228 | Swamp:3  | Identified the +5 rapier of the Lamprey {antimagic, Str+5
                  | Int-4}
 28805 | Swamp:4  | Entered Level 4 of the Swamp
 28890 | Swamp:4  | Noticed a thorn hunter
 28903 | Swamp:4  | Killed a thorn hunter
 29280 | Swamp:4  | Noticed a thorn hunter
 29288 | Swamp:4  | Killed a thorn hunter
 29536 | Swamp:4  | Reached XP level 18. HP: 144/144 MP: 28/28
 30174 | Swamp:4  | Noticed a bone dragon
 30201 | Swamp:4  | Killed a bone dragon
 30389 | Swamp:4  | Reached skill level 15 in Shields
 30546 | Swamp:4  | Got a decaying rune of Zot
 30970 | Snake:1  | Entered Level 1 of the Snake Pit
 32002 | Snake:2  | Noticed Louise
 32031 | Snake:2  | Killed Louise
 32416 | Snake:2  | Found Viovvoug's Gadget Boutique.
 32416 | Snake:2  | Found Waxor's Jewellery Emporium.
 32417 | Snake:2  | Found Syffol's Gadget Boutique.
 32426 | Snake:2  | Bought a wand of paralysis (13) for 255 gold pieces
 32426 | Snake:2  | Bought a wand of acid (8) for 408 gold pieces
 32426 | Snake:2  | Bought a wand of acid (9) for 442 gold pieces
 32701 | Snake:3  | Found an opulent altar of Gozag.
 32965 | Snake:3  | Noticed Mara
 32975 | Snake:3  | Killed Mara
 32975 | Snake:3  | Reached XP level 19. HP: 147/152 MP: 28/30
 33462 | Snake:4  | Entered Level 4 of the Snake Pit
 34078 | Snake:4  | Identified the ring of Idealism {+Fly rPois rN+ MR- Str-3
                  | Stlth+}
 34128 | Snake:4  | Reached skill level 16 in Shields
 34208 | Snake:4  | Reached skill level 15 in Fighting
 34488 | Snake:4  | Reached skill level 15 in Invocations
 35978 | Snake:4  | Got a serpentine rune of Zot
 36016 | Snake:4  | Reached XP level 20. HP: 162/162 MP: 31/31
 36415 | Vaults:1 | Entered Level 1 of the Vaults
 36635 | Vaults:1 | Found Naaruc's Book Boutique.
 36830 | Vaults:1 | Reached skill level 17 in Shields
 36841 | Vaults:1 | Reached skill level 15 in Armour
 37447 | Vaults:1 | Noticed Nikola
 37461 | Vaults:1 | Killed Nikola
 37782 | Vaults:1 | Noticed Donald
 37803 | Vaults:1 | Killed Donald
 38218 | Vaults:1 | Found a radiant altar of Vehumet.
 38764 | Vaults:2 | Found a staircase to the Crypt.
 38971 | Vaults:2 | Reached XP level 21. HP: 172/172 MP: 32/32
 39073 | Vaults:2 | Cast into level 2 of the Abyss (a wizard)
 39210 | Abyss:3  | Found a corrupted altar of Lugonu.
 39482 | Abyss:3  | Reached skill level 18 in Shields
 39543 | Abyss:3  | Reached skill level 15 in Evocations
 39642 | Abyss:3  | Noticed a bone dragon
 39688 | Abyss:3  | Killed a bone dragon
 39807 | Abyss:3  | Noticed a bone dragon
 39808 | Abyss:3  | Noticed a bone dragon
 40291 | Abyss:4  | Reached XP level 22. HP: 182/182 MP: 34/34
 40296 | Abyss:4  | Noticed a bone dragon
 40317 | Abyss:4  | Killed a bone dragon
 40355 | Abyss:4  | HP: 1/182 [spatial maelstrom (11)]
 40355 | Abyss:4  | Demolished by a spatial maelstrom

Skill      XL: |  1  2  3  4  5  6  7  8  9 10 11 12 13 14 15 16 17 18 19 20 21 |
---------------+----------------------------------------------------------------+-----
Shields        | 4 5 6 7 8 9 10 11 12 13 14 15 16 17 18 | 18.7
Maces & Flails | 3 4 5 6 7 9 10 11 12 13 14 15 16 | 16.4
Fighting       | 4 5 6 7 8 9 10 11 12 13 14 15 16 17 | 17.5
Armour         | 4 5 6 7 8 9 10 11 12 13 14 15 | 15.8
Evocations     | 2 3 4 5 6 8 9 10 11 12 13 14 15 | 15.3
Invocations    | 2 4 5 7 8 9 10 11 12 13 14 15 16 | 16.5

Action                   |  1- 3 |  4- 6 |  7- 9 | 10-12 | 13-15 | 16-18 | 19-21 | 22-24 || total
-------------------------+-------+-------+-------+-------+-------+-------+-------+-------++-------
Melee: Flail             |    92 |   149 |       |       |       |       |       |       ||   241
       Morningstar       |       |       |   231 |       |       |       |       |       ||   231
       Dire flail        |       |       |    30 |   399 |       |       |       |       ||   429
       Eveningstar       |       |       |       |   165 |  1317 |  1612 |   890 |       ||  3984
       Great mace        |       |       |       |       |       |       |   864 |    39 ||   903
       Unarmed           |       |       |       |       |       |       |    34 |       ||    34
Invok: Lesser Servant of |       |       |       |     4 |     4 |     7 |     3 |     1 ||    19
       Minor Destruction |       |       |       |     1 |       |       |       |       ||     1
       Major Destruction |       |       |       |       |     1 |       |       |       ||     1
 Abil: Dig               |       |     5 |     2 |     7 |    19 |     2 |     7 |     4 ||    46
Evoke: Wand              |       |       |    31 |    24 |    23 |    30 |    30 |     1 ||   139
       Box of beasts     |       |       |       |       |     1 |     5 |       |       ||     6
       Lightning rod     |       |       |       |       |       |    10 |     4 |     3 ||    17
       Lamp of fire      |       |       |       |       |       |       |     1 |       ||     1
  Use: Potion            |     1 |     2 |     1 |     4 |       |     8 |    11 |     8 ||    35
       Scroll            |       |       |     9 |     5 |    21 |    11 |    16 |     5 ||    67
 Stab: Paralysed         |       |       |     4 |     9 |     4 |     7 |    12 |       ||    36
       Distracted        |       |       |       |       |     2 |     3 |     2 |       ||     7
       Invisible         |       |       |       |       |       |     1 |     1 |       ||     2
       Confused          |       |       |       |       |       |       |     1 |       ||     1
  Eat: Chunk             |     2 |     5 |    10 |     9 |    32 |    14 |     5 |       ||    77
       Ration            |       |     1 |     2 |     2 |     4 |     6 |     8 |       ||    23
Armor: Scale mail        |    36 |    50 |       |       |       |       |       |       ||    86
       Chain mail        |       |    10 |    75 |       |       |       |       |       ||    85
       Plate armour      |       |       |     6 |   157 |   164 |       |       |       ||   327
       Crystal plate arm |       |       |       |       |   215 |   894 |   589 |   130 ||  1828
       Skin              |       |       |       |       |       |       |     9 |       ||     9
Dodge: Dodged            |    27 |    40 |    36 |    74 |   133 |   251 |   183 |    36 ||   780
Block: Shield            |    50 |    70 |   181 |   349 |   775 |  1436 |       |       ||  2861
       Reflection        |       |       |     1 |     5 |    34 |    57 |   190 |     1 ||   288
       Large shield      |       |       |       |       |       |    69 |  1916 |   182 ||  2167
       Other             |       |       |       |       |       |       |     9 |       ||     9
